Cogmind - Beta 11 X6 @@@ ROGUE MODE // 2021.08.05 @ 18:56:54 Player: Luigi Panache Result: Destroyed by S-27 Virus with Autogun Performance ------------- Evolutions (4) 2000 Regions Visited (7) 1400 Robots Destroyed (1) 5 Value Destroyed (12) 12 Prototype IDs (1) 20 Alien Tech Used (0) 0 Bonus (204) 204 TOTAL SCORE: 3641 Bonus ------- Follower Combat Kills 204 Cogmind --------- Core Integrity 0/850 Matter 273/300 Energy 1/100 System Corruption 1% Temperature Cool (0) Movement Core (50) Location -6/Lower Caves Parts ------- > --- POWER (1) -------- (None) > --- PROPULSION (2) --- (None) > --- UTILITY (10) ----- Advanced Signal Interpreter Advanced Terrain Scanner Improved Terrain Scan Processor Advanced Targeting Computer Hacking Suite Hacking Suite System Shield > --- WEAPON (2) ------- (None) > --- INVENTORY (5) ---- Advanced Sensor Array EM Pulse Gun Assault Rifle Missile Launcher Peak State ------------ > --- POWER ------------ (None) > --- PROPULSION ------- (None) > --- UTILITY ---------- Advanced Sensor Array Advanced Signal Interpreter Improved Terrain Scan Processor Advanced Targeting Computer Advanced Targeting Computer Advanced Targeting Computer Hacking Suite Hacking Suite System Shield > --- WEAPON ----------- Mace > --- INVENTORY -------- Advanced Sensor Array Advanced Sensor Array EM Pulse Gun Assault Rifle Missile Launcher [Rating: 34] Favorites ----------- Power None Propulsion None Utility Hacking Suite Device Advanced Sensor Array Processor Advanced Targeting Computer Hackware Hacking Suite Protection Core Shielding Weapon Mace Ballistic Gun Light Assault Rifle Launcher Missile Launcher Impact Weapon Mace Build | -11 -10 -10 -9 -8 -7 -6 -6 ------- Run | Scr Mat Min Mat Mat Fac Fac Low Slots Evolved 8 | . . . 2 2 2 2 . Power . | . . . . . . . . Propulsion . | . . . . . . . . Utility 8 | . . . 2 2 2 2 . Weapon . | . . . . . . . . Parts Attached 19 | 2 2 . . 2 4 8 1 Power . | . . . . . . . . Engine . | . . . . . . . . Core . | . . . . . . . . Reactor . | . . . . . . . . Propulsion . | . . . . . . . . Treads . | . . . . . . . . Leg . | . . . . . . . . Wheel . | . . . . . . . . Hover . | . . . . . . . . Flight . | . . . . . . . . Utility 13 | . 1 . . 2 2 7 1 Device 3 | . . . . . . 2 1 Storage . | . . . . . . . . Processor 5 | . . . . . . 5 . Hackware 4 | . . . . 2 2 . . Protection 1 | . 1 . . . . . . Artifact . | . . . . . . . . Weapon 6 | 2 1 . . . 2 1 . Energy Gun . | . . . . . . . . Energy Cannon . | . . . . . . . . Ballistic Gun 4 | 2 1 . . . . 1 . Ballistic Cannon . | . . . . . . . . Launcher 1 | . . . . . 1 . . Special Weapon . | . . . . . . . . Impact Weapon 1 | . . . . . 1 . . Slashing Weapon . | . . . . . . . . Piercing Weapon . | . . . . . . . . Special Melee Weapon . | . . . . . . . . Unidentified Prototypes 1 | . . . . . . 1 . Parts Lost 8 | . . . 1 . 2 3 2 Power . | . . . . . . . . Propulsion . | . . . . . . . . Utility 6 | . . . . . 2 2 2 Weapon 2 | . . . 1 . . 1 . Highest Loss Streak 3 | . . . 1 . 1 3 2 Average Slot Usage (%) 40 | . 29 28 19 23 35 48 56 Device 2 | . . . . . . 4 11 Processor 8 | . . . . . . 18 24 Hackware 17 | . . . . 14 22 20 20 Protection 4 | . 7 14 11 9 5 . . Ballistic Gun 2 | . 21 14 8 . . . . Launcher 1 | . . . . . 2 . . Impact Weapon 3 | . . . . . 4 4 . Naked Turns . | . . . . . . . . Heaviest Build 9 | 4 4 2 2 1 9 8 2 Greatest Support 3 | 3 3 3 3 3 3 3 3 Greatest Overweight (x) 2 | 1 1 . . . 2 2 . Average Overweight (x) . | . . . . . . . . Largest Inventory Capacity 5 | 5 5 5 5 5 5 5 5 Average Capacity 5 | 5 5 5 5 5 5 5 5 Most Carried 5 | 3 5 5 5 5 5 5 5 Average Carried 4 | 2 4 5 5 5 4 4 4 Final Capacity 5 | 5 5 5 5 5 5 5 5 Final Carried 5 | 3 5 5 5 5 4 5 4 Class Distribution -------------------- 39% | Commander-Mutant 34% | Hacker-Mutant 19% | Mutant 6% | Hacker-Scout Dominant Class ---------------- Mutant | -10/Materials Mutant | -10/Mines Mutant | -9/Materials Hacker-Mutant | -8/Materials Commander-Mutant | -7/Factory Hacker-Mutant | -6/Factory Hacker-Scout | -6/Lower Caves Resources | -11 -10 -10 -9 -8 -7 -6 -6 ----------- Run | Scr Mat Min Mat Mat Fac Fac Low Matter Collected 417 | 220 . . . . 73 77 47 Remotely . | . . . . . . . . Salvage Created 56 | . 56 . . . . . . Parts 3 | . 3 . . . . . . Haulers Intercepted 1 | . 1 . . . . . . Recyclers Shooed . | . . . . . . . . Parts Field Recycled . | . . . . . . . . Retrieved Matter . | . . . . . . . . Parts Self-Destructed . | . . . . . . . . Prevented . | . . . . . . . . Kills | -11 -10 -10 -9 -8 -7 -6 -6 ------- Run | Scr Mat Min Mat Mat Fac Fac Low Combat Hostiles Destroyed . | . . . . . . . . Classes Destroyed 1 | . 1 . . . . . . Hauler 1 | . 1 . . . . . . Best Kill Streak 1 | . 1 . . . . . . Combat Bots Only . | . . . . . . . . Max Kills in Single Turn 1 | . 1 . . . . . . Gunslinging . | . . . . . . . . Exploded . | . . . . . . . . Melee . | . . . . . . . . Uniques/NPCs Destroyed . | . . . . . . . . Combat | -11 -10 -10 -9 -8 -7 -6 -6 -------- Run | Scr Mat Min Mat Mat Fac Fac Low Damage Taken 1524 | . . . 234 101 136 638 415 Core 1127 | . . . 125 83 60 501 358 Absorbed by Shields . | . . . . . . . . Core Remaining (%) 88 | 100 . 100 68 84 91 . . Volleys Fired 22 | . 15 . . . 7 . . Largest 1 | . 1 . . . 1 . . Hottest 36 | . 20 . . . 36 . . Shots Fired 22 | . 15 . . . 7 . . Gun 15 | . 15 . . . . . . Cannon . | . . . . . . . . Launcher 7 | . . . . . 7 . . Special . | . . . . . . . . Kinetic 15 | . 15 . . . . . . Thermal . | . . . . . . . . Explosive 7 | . . . . . 7 . . Electromagnetic . | . . . . . . . . Robot Hit Streak 4 | . 4 . . . . . . Robot Miss Streak 2 | . 2 . . . . . . Penetration Max . | . . . . . . . . Secondary Targets . | . . . . . . . . Shots Hit Robots 12 | . 10 . . . 2 . . Core Hits 3 | . 3 . . . . . . Critical Kills . | . . . . . . . . Critical Parts Destroyed . | . . . . . . . . Critical Strikes . | . . . . . . . . Melee Attacks 2 | . . . . . 2 . . Impact 2 | . . . . . 2 . . Slashing . | . . . . . . . . Piercing . | . . . . . . . . Sneak Attacks . | . . . . . . . . Combat Hostiles . | . . . . . . . . Follow-up Attacks . | . . . . . . . . Damage Inflicted 132 | . 53 . . 15 57 7 . Guns 53 | . 53 . . . . . . Cannons . | . . . . . . . . Explosions . | . . . . . . . . Melee 57 | . . . . . 57 . . Ramming 22 | . . . . 15 . 7 . Kinetic 53 | . 53 . . . . . . Thermal . | . . . . . . . . Explosive . | . . . . . . . . Electromagnetic . | . . . . . . . . Impact 57 | . . . . . 57 . . Slashing . | . . . . . . . . Piercing . | . . . . . . . . Highest Corruption 6 | . . . . . 6 1 1 Average Corruption 1 | . . . . . 2 1 1 Corruption Purged . | . . . . . . . . Effects 5 | . . . . . 3 1 1 Message Errors 2 | . . . . . 1 . 1 Heat Flow Errors 1 | . . . . . 1 . . Data Loss (minor) 2 | . . . . . 1 1 . Overload Shots . | . . . . . . . . Overflow Damage 7 | . . . . . 7 . . Projectiles . | . . . . . . . . Explosions . | . . . . . . . . Melee 7 | . . . . . 7 . . Knockbacks 1 | . . . . . 1 . . Impact 1 | . . . . . 1 . . Kinetic . | . . . . . . . . Secondary . | . . . . . . . . Self-Inflicted Damage 64 | . . . . 7 54 3 . Shots 2 | . . . . . 2 . . Rammed 3 | . . . . 2 . 1 . Targets Rammed 3 | . . . . 2 . 1 . Kicked . | . . . . . . . . Crushed . | . . . . . . . . Highest Temperature 125 | . . . . . 125 8 . Average Temperature 60 | . . . . . 74 8 . Received Heat Transfer 438 | . . . 36 45 9 276 72 Siege Activations . | . . . . . . . . Robots Corrupted . | . . . . . . . . Combat Hostiles . | . . . . . . . . Parts Fried . | . . . . . . . . Impact Corruptions 1 | . . . . . 1 . . Robots Melted . | . . . . . . . . Combat Hostiles . | . . . . . . . . Parts Melted . | . . . . . . . . Heat Transferred . | . . . . . . . . Parts Sabotaged . | . . . . . . . . Parts Stolen . | . . . . . . . . Parts Stripped . | . . . . . . . . Power Chain Reactions . | . . . . . . . . Missiles Intercepted . | . . . . . . . . Alert | -11 -10 -10 -9 -8 -7 -6 -6 ------- Run | Scr Mat Min Mat Mat Fac Fac Low Peak Influence 590 | . 30 11 83 49 590 551 . Initial 186 | . . 11 3 34 21 186 . Average 234 | . 18 11 31 36 315 310 . Maximum Alert Level 2 | . . . . . 2 2 . Low Security (%) 58 | 100 100 100 100 100 48 36 . Level 1 11 | . . . . . 1 31 . Level 2 30 | . . . . . 49 32 . Level 3 . | . . . . . . . . Level 4 . | . . . . . . . . Level 5 . | . . . . . . . . High Security . | . . . . . . . . Max Security . | . . . . . . . . Squads Dispatched 8 | . 2 . 1 . 1 4 . Investigation 4 | . 1 . . . 1 2 . Extermination . | . . . . . . . . Reinforcement 4 | . 1 . 1 . . 2 . Assault . | . . . . . . . . Garrison . | . . . . . . . . Intercept . | . . . . . . . . Construction Impeded 1 | . . . . . . 1 . Haulers Reinforced . | . . . . . . . . Active Scanning Responses . | . . . . . . . . Cargo Convoy Interrupts . | . . . . . . . . Stealth | -11 -10 -10 -9 -8 -7 -6 -6 --------- Run | Scr Mat Min Mat Mat Fac Fac Low Distress Signals . | . . . . . . . . Communications Jammed . | . . . . . . . . Distress Signals . | . . . . . . . . Times Spotted 56 | . 1 . 10 7 2 26 10 Peak Tracking Total 13 | . . . 7 13 1 12 4 Tactical Retreats 9 | . . . 1 . . 6 2 Traps | -11 -10 -10 -9 -8 -7 -6 -6 ------- Run | Scr Mat Min Mat Mat Fac Fac Low Traps Triggered 3 | . . . . . 1 2 . Indirectly . | . . . . . . . . Trap Hack Attempts . | . . . . . . . . Triggered . | . . . . . . . . Disarmed . | . . . . . . . . Reprogrammed . | . . . . . . . . Reused . | . . . . . . . . Traps Extracted . | . . . . . . . . Installed . | . . . . . . . . Triggered . | . . . . . . . . Machines | -11 -10 -10 -9 -8 -7 -6 -6 ---------- Run | Scr Mat Min Mat Mat Fac Fac Low Machines Disabled 1 | . . . . . 1 . . Max in Single Turn 1 | . . . . . 1 . . Garrison Access 1 | . . . . . . 1 . Machines Sabotaged . | . . . . . . . . Garrisons Compromised . | . . . . . . . . Overloaded Fab Kills . | . . . . . . . . Fab Network Shutdowns 1 | . . . . . 1 . . Hacking | -11 -10 -10 -9 -8 -7 -6 -6 --------- Run | Scr Mat Min Mat Mat Fac Fac Low Machines Accessed 7 | . 2 . . 1 2 2 . Terminals 5 | . 2 . . 1 1 1 . Fabricators 1 | . . . . . 1 . . Repair Stations . | . . . . . . . . Recycling Units . | . . . . . . . . Scanalyzers . | . . . . . . . . Garrison Access 1 | . . . . . . 1 . Total Hacks 18 | . 4 . . 1 9 4 . Successful 10 | . 1 . . 1 6 2 . Failed 8 | . 3 . . . 3 2 . Catastrophic 3 | . 2 . . . . 1 . Database Lockouts . | . . . . . . . . Manual 9 | . 2 . . 1 5 1 . Terminals 11 | . 4 . . 1 4 2 . Fabricators 5 | . . . . . 5 . . Repair Stations . | . . . . . . . . Recycling Units . | . . . . . . . . Scanalyzers . | . . . . . . . . Garrison Access 2 | . . . . . . 2 . Terminal Hacks 4 | . 1 . . 1 1 1 . Level Access Points 2 | . . . . 1 1 . . Branch Access Points 2 | . 1 . . . . 1 . Fabricator Hacks 3 | . . . . . 3 . . Build 3 | . . . . . 3 . . Repair Station Hacks . | . . . . . . . . Recycling Unit Hacks . | . . . . . . . . Scanalyzer . | . . . . . . . . Garrison Access Hacks 1 | . . . . . . 1 . Seal Access 1 | . . . . . . 1 . Unauthorized Hacks 2 | . . . . . 2 . . Terminals 1 | . . . . . 1 . . Assimilate 1 | . . . . . 1 . . Fabricators 1 | . . . . . 1 . . Prioritize 1 | . . . . . 1 . . Repair Stations . | . . . . . . . . Recycling Units . | . . . . . . . . Scanalyzers . | . . . . . . . . Garrison Access . | . . . . . . . . Data Cores Recovered 1 | . . . . . 1 . . Used 1 | . . . . . 1 . . Hacking Detections 4 | . 1 . . . 2 1 . Full Trace Events 2 | . 1 . . . 1 . . Feedback Events . | . . . . . . . . Feedback Blocked . | . . . . . . . . Robot Schematics Acquired . | . . . . . . . . Robots Built 12 | . . . . . 12 . . Matter 756 | . . . . . 756 . . Time 133 | . . . . . 133 . . Total Robot Build Rating 48 | . . . . . 48 . . Part Schematics Acquired . | . . . . . . . . Parts Built . | . . . . . . . . Matter . | . . . . . . . . Time . | . . . . . . . . Total Part Build Rating . | . . . . . . . . Parts Repaired . | . . . . . . . . Time . | . . . . . . . . Parts Recycled . | . . . . . . . . Recycled Matter . | . . . . . . . . Retrieved Matter . | . . . . . . . . Retrieved Components . | . . . . . . . . Parts Scanalyzed . | . . . . . . . . Part Schematics Acquired . | . . . . . . . . Parts Damaged . | . . . . . . . . Bothacking | -11 -10 -10 -9 -8 -7 -6 -6 ------------ Run | Scr Mat Min Mat Mat Fac Fac Low Used RIF Installer . | . . . . . . . . Robots Hacked . | . . . . . . . . Non-combat . | . . . . . . . . Combat . | . . . . . . . . Robot Hacks Applied . | . . . . . . . . Relay Couplers Released . | . . . . . . . . Robots Rewired . | . . . . . . . . Allies Hacked . | . . . . . . . . Hacks Repelled . | . . . . . . . . Allies | -11 -10 -10 -9 -8 -7 -6 -6 -------- Run | Scr Mat Min Mat Mat Fac Fac Low Total Allies 12 | . . . . . 12 . . Largest Group 12 | . . . . . 12 12 . Highest-Rated Group 144 | . . . . . 144 144 . Highest-Rated Ally 12 | . . . . . 12 12 . Total Orders 2 | . . . . . 2 . . STAY 1 | . . . . . 1 . . FOLLOW 1 | . . . . . 1 . . Ally Attacks 95 | . . . . . 26 69 . Total Damage 1045 | . . . . . 256 789 . Kills 10 | . . . . . 3 7 . Allies Corrupted 1 | . . . . . . 1 . Allies Melted . | . . . . . . . . Intel | -11 -10 -10 -9 -8 -7 -6 -6 ------- Run | Scr Mat Min Mat Mat Fac Fac Low Robot Analysis Total . | . . . . . . . . Derelict Logs Recovered . | . . . . . . . . Drone Launches . | . . . . . . . . Drone Recoveries . | . . . . . . . . Exploration | -11 -10 -10 -9 -8 -7 -6 -6 ------------- Run | Scr Mat Min Mat Mat Fac Fac Low Turns Passed 1217 | 45 91 55 48 55 406 400 117 Spaces Moved 1735 | 42 91 110 95 100 394 673 230 Core 1735 | 42 91 110 95 100 394 673 230 Treads . | . . . . . . . . Legs . | . . . . . . . . Wheels . | . . . . . . . . Hover . | . . . . . . . . Flight . | . . . . . . . . Fastest Speed 50 | 50 50 50 50 50 50 50 50 Average Speed 58 | 92 64 50 50 50 70 56 50 Slowest Speed 150 | 100 100 50 50 50 150 150 50 Overloaded Moves . | . . . . . . . . Propulsion Burnouts . | . . . . . . . . Robots Hopped . | . . . . . . . . Cave-ins Triggered 1 | . . . . . 1 . . Exploration Rate (%) 19 | 2 23 28 19 20 9 18 40 Regions Visited 7 Branch Regions 2 Pre-discovered Areas . | . . . . . . . . Known Exits Taken 4 | . 1 . . 1 1 1 . Unknown Exits Taken 3 | 1 . 1 1 . . . . Scrap Searched . | . . . . . . . . Spaces Dug 44 | . . . . . 44 . . Terrain Destroyed 94 | . . . . . 94 . . Melee . | . . . . . . . . Projectile . | . . . . . . . . AOE 94 | . . . . . 94 . . Terrain Rammed . | . . . . . . . . Walls Destroyed . | . . . . . . . . Machines Disabled . | . . . . . . . . Actions | -11 -10 -10 -9 -8 -7 -6 -6 --------- Run | Scr Mat Min Mat Mat Fac Fac Low Total 1898 | 46 110 109 96 103 510 692 232 Wait 110 | . . . . . 104 5 1 Move 1728 | 41 90 109 94 99 393 672 230 Hop . | . . . . . . . . Pick Up 7 | 3 1 . 1 . . 2 . Fast Attach 17 | 2 2 . . 2 3 8 . Attach 2 | . . . . . 1 . 1 Detach 2 | . 1 . . . . 1 . Swap . | . . . . . . . . Drop 5 | . 1 . 1 . . 3 . Fire 22 | . 15 . . . 7 . . Melee 2 | . . . . . 2 . . Ram 3 | . . . . 2 . 1 . Kick . | . . . . . . . . Crush . | . . . . . . . . Escape Stasis . | . . . . . . . . Rewire . | . . . . . . . . Trap . | . . . . . . . . Miscellaneous . | . . . . . . . . Route ------- -11/Scrapyard -10/Materials (discovered 2 exits: *Min x2) -10/Mines -9/Materials -8/Materials (discovered 3 exits: *Fac x3) -7/Factory (discovered 4 exits: *Fac x4) -6/Factory (discovered 4 exits: *Low x2 / Ext x2) -6/Lower Caves History --------- Turn | Location | Event 10 | -11/Scrapyard | Discovered new exit (range 16) 46 | -11/Scrapyard | Entered Materials 102 | -10/Materials | Identified exit to Mines 137 | -10/Materials | Entered Mines 164 | -10/Mines | Met a Derelict bent on vengeance 186 | -10/Mines | Discovered new exit (range 14) 192 | -10/Mines | Entered Materials 192 | -9/Materials | Evolved 2 slots: Utility x2 233 | -9/Materials | Discovered new exit (range 13) 240 | -9/Materials | Entered another Materials area 240 | -8/Materials | Evolved 2 slots: Utility x2 258 | -8/Materials | Identified exit to Factory 295 | -8/Materials | Entered Factory 295 | -7/Factory | Evolved 2 slots: Utility x2 360 | -7/Factory | Fabricated S-27 Virus (x4) 393 | -7/Factory | Fabricated S-27 Virus (x4) 426 | -7/Factory | Fabricated S-27 Virus (x4) 493 | -7/Factory | Local fabrication network quarantined 502 | -7/Factory | Identified exit to Factory 683 | -7/Factory | Crushed by falling debris 698 | -7/Factory | Build established: Commander-Mutant 701 | -7/Factory | Entered another Factory area 701 | -6/Factory | Accompanied by 12 allies 701 | -6/Factory | Evolved 2 slots: Utility x2 970 | -6/Factory | Spotted B-75 Beast 974 | -6/Factory | Identified exit to Lower Caves 974 | -6/Factory | Identified exit to Extension 1022 | -6/Factory | Core integrity fell below 50% 1052 | -6/Factory | Lost 3 parts (2u1w) 1101 | -6/Factory | Entered Lower Caves 1153 | -6/Lower Caves | Encountered a Warlord checkpoint 1189 | -6/Lower Caves | Attracted the attention of an 0b10 checkpoint 1192 | -6/Lower Caves | Core integrity fell below 20% 1218 | -6/Lower Caves | Destroyed by S-27 Virus with Autogun Last Messages --------------- (156,95) Extension (105,139) Extension Map updated. 00998_ Acquired 25 matter. 00999_ Acquired 24 matter. 01004_ R-10 Processor inserts Prc. Assault Rifle into recycling unit. 01018_ Adv. Sensor Array destroyed. 01018_ Mace destroyed. 01021_ Adv. Targeting Computer destroyed. 01029_ U-05 Engineer lays Concrete. 01044_ Acquired Adv. Terrain Scanner. LOCATION=LOWER CAVES GOAL=ESCAPE 01153_ W2-3I4(M): "This area isn't safe." 01189_ Y-54 Guardian: "INTERCEPTING UNREGISTERED DERELICT." 01191_ Adv. Sensor Array destroyed. 01191_ Adv. Targeting Computer destroyed. 01199_ Acquired 13 matter. 01212_ Acquired 34 matter. 01217_ S9MAU W2IODSKD:9